 Dungeon Crawl Stone Soup version 0.22-a0-117-g314b907 (webtiles) character file.

14483 Atlas the Geomancer (level 11, -3/82 HPs)
             Began as a White Draconian Earth Elementalist on Jan 29, 2018.
             Was an Elder of Sif Muna.
             Slain by a cyclops (20 damage)
             ... on level 11 of the Dungeon.
             The game lasted 00:26:25 (16461 turns).

Atlas the Geomancer (DrEE)                         Turns: 16461, Time: 00:26:25

Health: -3/82      AC: 12    Str: 21    XL:     11   Next: 89%
Magic:  23/26      EV: 14    Int: 18    God:    Sif Muna [****..]
Gold:   341        SH:  0    Dex: 11    Spells: 12/32 levels left

rFire    . . .     SeeInvis +   x - +4 demon blade (drain)
rCold    + . .     Gourm    .   (no shield)
rNeg     . . .     Faith    .   (armour unavailable)
rPois    +         Spirit   .   (helmet restricted)
rElec    .         Reflect  .   i - +0 cloak
rCorr    .         Harm     .   G - +1 pair of gloves
MR       .....     NoTele   +   F - +0 pair of boots
Stlth    +++.......             B - amulet of rage
HPRegen  0.23/turn              g - +1 ring of protection
MPRegen  0.20/turn              a - ring of the Shrike {-Tele rPois Str+9 SInv Stlth+}

@: divine energy
A: breathe frost, unfitting armour, cold resistance 1, cold-blooded, AC +7
a: Breathe Frost, Stop Divine Energy, Channel Magic, Forget Spell, Renounce
Religion, Evoke Berserk Rage


You were on level 11 of the Dungeon.
You worshipped Sif Muna.
Sif Muna was greatly pleased with you.
You were not hungry.

You visited 2 branches of the dungeon, and saw 12 of its levels.
You also visited: Ice Cave.

You collected 643 gold pieces.
You spent 302 gold pieces at shops.

Inventory:

Hand Weapons
 x - a +4 demon blade of draining (weapon)
Missiles
 o - 35 stones (quivered)
Armour
 i - a +0 cloak (worn)
 F - a +0 pair of boots (worn)
 G - a +1 pair of gloves (worn)
Jewellery
 a - the ring of the Shrike (right hand) {-Tele rPois Str+9 SInv Stlth+}
   (You found it in an ice cave)

   [ring of poison resistance]

   It affects your strength (+9).
   It protects you from poison.
   It lets you see invisible.
   It prevents most forms of teleportation.
   It makes you more stealthy.
 g - a +1 ring of protection (left hand)
 B - an amulet of rage (around neck)
 K - an uncursed ring of protection from cold
Wands
 q - a wand of random effects (22)
 v - a wand of flame (23)
 N - a wand of paralysis (5)
Scrolls
 b - 6 scrolls of remove curse
 e - 2 scrolls of enchant armour {unknown}
 f - a scroll of brand weapon
 k - 5 scrolls of amnesia {unknown}
 p - a scroll of random uselessness {unknown}
 r - a scroll of fear
 y - a scroll of immolation {unknown}
 D - a scroll of blinking {unknown}
 I - a scroll of fog {unknown}
 L - a scroll of noise {unknown}
 M - a scroll of magic mapping
Potions
 h - 7 potions of haste
 j - a potion of invisibility
 l - 2 potions of brilliance
 n - 2 potions of flight
 s - 5 potions of degeneration
 t - a potion of mutation
 w - a potion of cancellation
 A - a potion of lignification
 C - 2 potions of curing
 E - 2 potions of might
 H - a potion of agility {unknown}
 J - a potion of berserk rage
Books
 d - a book of Geomancy

   Spells                             Type                      Level
   a - Sandblast                      Earth                        1
   b - Passwall                       Transmutation/Earth          2
   c - Stone Arrow                    Conjuration/Earth            3
   d - Petrify                        Transmutation/Earth          4
   e - Lee's Rapid Deconstruction     Earth                        5
 u - Sif Muna's Volume of Unholy Changing
   (Sif Muna gifted it to you on level 10 of the Dungeon)

   Spells                             Type                      Level
   a - Sticks to Snakes               Transmutation                2
   b - Borgnjor's Vile Clutch         Necromancy/Earth             5
   c - Haunt                          Necromancy/Summoning         7
   d - Borgnjor's Revivification      Necromancy                   8
Comestibles
 c - 24 rations
 m - 2 chunks of flesh


   Skills:
 + Level 3.5 Fighting
 + Level 4.9 Dodging
 - Level 2.5 Stealth
 + Level 5.0 Unarmed Combat
 + Level 11.3 Spellcasting
 + Level 4.8 Conjurations
 + Level 1.3 Transmutations
 + Level 11.5 Earth Magic
 + Level 2.5 Evocations


You had 12 spell levels left.
You knew the following spells:

 Your Spells              Type           Power        Failure   Level  Hunger
a - Sandblast             Erth           ######       1%          1    None
b - Passwall              Tmut/Erth      ####......   1%          2    None
c - Stone Arrow           Conj/Erth      #####.       1%          3    None
d - Lee's Rapid Deconstr  Erth           ######....   1%          5    ####...
e - Petrify               Tmut/Erth      ####....     4%          4    ##.....
x - Borgnjor's Vile Clut  Necr/Erth      ####......   19%         5    ####...


Dungeon Overview and Level Annotations

Branches:
Dungeon (11/15)            Temple (1/1) D:6            Lair (0/6) D:10
    Orc: D:9-12

Altars:
Ashenzari
Cheibriados
Dithmenos
Elyvilon
Fedhas
Gozag
Hepliaklqana
Kikubaaqudgha
Makhleb
Nemelex Xobeh
Okawaru
Qazlal
Ru
Sif Muna
Trog
Uskayaw
Vehumet
Wu Jian
Xom
Yredelemnul
Zin
The Shining One

Shops:
D:9 %   D:10 ?

Annotations:
D:4 dang3rdave's ghost, amateur GrFE


Innate Abilities, Weirdness & Mutations

You can breathe waves of freezing cold.
You can buffet flying creatures when you breathe cold.
Your icy white scales are hard. (AC +7)
You cannot fit into any form of body armour.
Your flesh is cold resistant. (rC+)
You are cold-blooded and may be slowed by cold attacks.


Message History

The cyclops throws a large rock.
The large rock completely misses you.
There is an open door here.
Casting: Stone Arrow (safe; 1% risk of failure)
Confirm with . or Enter, or press ? or * to list all spells.
You can't see any susceptible monsters within range! (Use Z to cast anyway.)
The cyclops throws a large rock.
The large rock hits you!!!
You see here a large rock.
You hit the cyclops.
The cyclops is lightly wounded.
The cyclops hits you!!
* * * LOW HITPOINT WARNING * * *
Casting: Stone Arrow (safe; 1% risk of failure)
Confirm with . or Enter, or press ? or * to list all spells.
Aiming: Stone Arrow (safe; 1% risk of failure)
Press: ? - help, Shift-Dir - straight line, f - cyclops
Aim: a cyclops The stone arrow hits the cyclops.
The cyclops is lightly wounded.
The cyclops hits you!!
You die...

************############*********
,,,,,,,,,,,,,...........,,,,,,,,,
,,,,,**,,,***#........#,,,,,,,,,,
,,,,,**,,,* #........#,,,,,,,,,,
,,,,,,,,,.####..C.....#,,,,,,,,,,
,,,,,,,,,.......@.....#,,,,,,,,,,
**,,,,,**+#####.(.....#.,,,,,,,,,
,*,,,,,+,,,,,,#.........,,,,,,,,,
,*,,*,,*,,,,,,##'#######,,,,,,,,,
,*,,*,,*,,,,,,*#.......#,,,,,,,,*
,*,,*,,*,,,,,,*#(......#,,,,,,,,*
,*,,*,,*,,,,,,*#.......#,,,,,,,,*
,*,,*,,*,,,,,,*#.......#########*
,*,,*,,+,,,,,,*#.......##......#*


You could see a cyclops.

Vanquished Creatures
  The ghost of bitcoinbastard the Basher, a journeyman GrAM of Okawaru (D:10)
  5 two-headed ogres
  Pikel (D:8)
  A cyclops (D:11)
  2 ice statues (IceCv)
  Joseph (D:10)
  Psyche (D:8)
  2 kobold demonologists (D:10)
  A troll (D:10)
  An ice devil (IceCv)
  Grinder (D:3)
  2 hippogriffs
  Sigmund (D:5)
  Eustachio (D:5)
  3 hogs (D:7)
  4 yaks
  A hungry ghost (D:8)
  A steam dragon (D:8)
  A human (D:7)
  Menkaure (D:5)
  3 wargs
  Edmund (D:4)
  3 orc warriors (D:10)
  Duvessa (D:7)
  A sky beast (D:7)
  4 slaves (D:8)
  2 ice beasts
  2 phantoms (D:6)
  7 centaurs
  A necrophage (D:7)
  3 ogres
  A crocodile (D:10)
  3 big kobolds
  Blork the orc (D:5)
  2 bullfrogs
  A scorpion (D:10)
  6 killer bees
  Dowan (D:7)
  3 wights (D:6)
  2 electric eels (D:10)
  A howler monkey (D:8)
  5 crimson imps
  4 hounds
  2 jellies
  Crazy Yiuf (D:3)
  A gnoll shaman (D:9)
  8 orc priests
  4 bullfrog skeletons
  Ijyb (D:3)
  Terence (D:3)
  4 iguanas
  10 orc wizards
  11 worker ants
  A killer bee zombie (D:4)
  A hound zombie (D:9)
  2 hound skeletons
  3 worker ant zombies
  3 gnolls (D:9)
  16 adders
  A howler monkey skeleton (D:5)
  3 shadow imps
  7 white imps (IceCv)
  An ooze (D:4)
  6 ufetubi (IceCv)
  2 adder skeletons
  2 worms (D:2)
  A dart slug (D:1)
  7 leopard geckos
  31 orcs
  A ball python (D:3)
  9 bats
  6 giant cockroaches
  8 goblins
  5 hobgoblins
  30 jackals
  6 quokkas
  11 frilled lizards
  A jackal skeleton (D:5)
  25 kobolds
  8 rats
330 creatures vanquished.

Vanquished Creatures (others)
  A reaper (IceCv)
  6 white imps (IceCv)
  An ufetubus (IceCv)
8 creatures vanquished.

Grand Total: 338 creatures vanquished

Notes
Turn   | Place    | Note
-------+----------+-------------------------------------------
     0 | D:1      | Atlas the Draconian Earth Elementalist began the quest for the Orb.
     0 | D:1      | Reached XP level 1. HP: 14/14 MP: 3/3
   274 | D:1      | Reached XP level 2. HP: 20/20 MP: 1/5
   910 | D:1      | Reached XP level 3. HP: 26/26 MP: 3/6
   951 | D:2      | Learned a level 2 spell: Passwall
   955 | D:2      | Learned a level 3 spell: Stone Arrow
  1367 | D:2      | Reached XP level 4. HP: 25/33 MP: 2/8
  2677 | D:3      | Reached XP level 5. HP: 39/39 MP: 0/10
  2957 | D:3      | Reached skill level 1 in Fighting
  3222 | D:3      | Noticed Ijyb
  3238 | D:3      | Killed Ijyb
  3483 | D:3      | Found a runed door.
  3582 | D:3      | Noticed Terence
  3603 | D:3      | Killed Terence
  3603 | D:3      | Reached skill level 1 in Unarmed Combat
  3603 | D:3      | Reached skill level 1 in Conjurations
  3666 | D:3      | Noticed Grinder
  3688 | D:3      | Killed Grinder
  3688 | D:3      | Reached skill level 1 in Evocations
  3688 | D:3      | Reached XP level 6. HP: 24/47 MP: 2/12
  4064 | D:3      | Noticed Crazy Yiuf
  4072 | D:3      | Killed Crazy Yiuf
  4250 | D:4      | Noticed dang3rdave's ghost (amateur GrFE)
  4388 | D:4      | Learned a level 4 spell: Petrify
  4602 | D:4      | Noticed Edmund
  4617 | D:4      | Killed Edmund
  4617 | D:4      | Your scales start taking on an icy white colour.
  4617 | D:4      | Reached XP level 7. HP: 38/53 MP: 4/13
  4617 | D:4      | Gained mutation: Your flesh is cold resistant. (rC+) [White Draconian growth]
  4886 | D:4      | Reached skill level 5 in Earth Magic
  4947 | D:4      | Reached skill level 5 in Spellcasting
  5527 | D:5      | Entered Level 5 of the Dungeon
  5679 | D:5      | Noticed Blork the orc
  5684 | D:5      | Killed Blork the orc
  5684 | D:5      | Reached XP level 8. HP: 60/60 MP: 4/15
  5783 | D:5      | Noticed Menkaure
  5788 | D:5      | Killed Menkaure
  5990 | D:5      | Noticed Sigmund
  6001 | D:5      | Killed Sigmund
  6224 | D:5      | Noticed Eustachio
  6233 | D:5      | Killed Eustachio
  6266 | D:5      | Found a shattered altar of Ashenzari.
  6991 | D:6      | Reached XP level 9. HP: 64/67 MP: 9/19
  7022 | D:6      | Found a staircase to the Ecumenical Temple.
  7043 | Temple   | Entered the Ecumenical Temple
  7177 | Temple   | Became a worshipper of Sif Muna the Loreminder
  7809 | D:7      | Reached * piety under Sif Muna
  8006 | D:6      | Learned a level 5 spell: Lee's Rapid Deconstruction
  8202 | D:7      | Noticed Dowan
  8204 | D:7      | Noticed Duvessa
  8206 | D:7      | Killed Dowan
  8220 | D:7      | Killed Duvessa
  8721 | D:7      | Found a blossoming altar of Fedhas.
  9053 | D:8      | Reached ** piety under Sif Muna
  9136 | D:8      | Reached XP level 10. HP: 71/73 MP: 14/22
  9271 | D:8      | Noticed Psyche
  9275 | D:8      | Killed Psyche
  9388 | D:8      | Noticed a two-headed ogre
  9743 | D:8      | Noticed a two-headed ogre
  9750 | D:8      | Killed a two-headed ogre
  9949 | D:8      | Noticed Pikel
 10030 | D:8      | Killed Pikel
 10229 | D:8      | Killed a two-headed ogre
 10229 | D:8      | Reached *** piety under Sif Muna
 10229 | D:8      | Reached skill level 10 in Earth Magic
 10799 | D:8      | Found a glowing golden altar of the Shining One.
 11254 | D:9      | Found Fozut's Food Shoppe.
 11272 | D:9      | Noticed a two-headed ogre
 11282 | D:9      | Killed a two-headed ogre
 11424 | D:9      | Reached XP level 11. HP: 81/81 MP: 15/24
 11856 | D:9      | Reached skill level 10 in Spellcasting
 12157 | D:10     | Entered Level 10 of the Dungeon
 12160 | D:10     | Noticed a two-headed ogre
 12171 | D:10     | Killed a two-headed ogre
 12171 | D:10     | Reached **** piety under Sif Muna
 12230 | D:10     | Noticed bitcoinbastard's ghost (journeyman GrAM)
 12593 | D:10     | Found a staircase to the Lair.
 12595 | D:10     | Noticed a two-headed ogre
 12611 | D:10     | Killed a two-headed ogre
 13319 | D:10     | Reached ***** piety under Sif Muna
 13344 | D:10     | Identified Sif Muna's Volume of Unholy Changing (Sif Muna gifted it to you on level 10 of the Dungeon)
 13344 | D:10     | Received a gift from Sif Muna
 13422 | D:10     | Learned a level 5 spell: Borgnjor's Vile Clutch
 13950 | D:10     | Noticed Joseph
 13954 | D:10     | Killed Joseph
 14399 | D:10     | Found Miedi's Magic Scroll Boutique.
 14724 | D:10     | Killed bitcoinbastard's ghost
 14767 | D:10     | Bought a scroll of identify for 22 gold pieces
 14767 | D:10     | Bought a scroll of identify for 22 gold pieces
 14767 | D:10     | Bought a scroll of brand weapon for 220 gold pieces
 14767 | D:10     | Bought a scroll of magic mapping for 38 gold pieces
 14900 | D:11     | Found a frozen archway.
 14908 | IceCv    | Entered an ice cave
 15067 | IceCv    | Killed a reaper
 15221 | IceCv    | Reached skill level 5 in Unarmed Combat
 15762 | IceCv    | Got a warped iron ring
 16246 | D:11     | Identified the ring of the Shrike {-Tele rPois Str+9 SInv Stlth+} (You found it in an ice cave)
 16461 | D:11     | Slain by a cyclops

Vault maps used:
D:1:      dpeg_arrival_court, minmay_misc_feat_alley
D:2:      first_ration
D:3:      grunt_decor_one_mirror, kennysheep_nondescript, hex_large,
          uniq_grinder, uniq_ijyb, uniq_terence, uniq_crazy_yiuf_cottage
D:4:      uniq_edmund
D:5:      ashenzari_conservatory_becter, uniq_sigmund, uniq_eustachio,
          uniq_menkaure, uniq_blork_the_orc
D:6:      minmay_temple_entry_water_ring
D:7:      basic_altar, grunt_livestock, grunt_ministairs_2, uniq_duvessa
D:8:      tso_altar, uniq_psyche, uniq_pikel
D:9:      serial_shops, shop
D:10:     erik_lair_orcish_takeover, serial_shops, shop, disabler_island,
          uniq_joseph
D:11:     portal_ice_cave_entry_pillars_2, nicolae_ru_the_path_less_chosen
Temple:   compressed_dpeg_triangle_lava_temple
IceCv:    ice_cave_small_demon

Skill      XL: |  1  2  3  4  5  6  7  8  9 10 11 |
---------------+----------------------------------+-----
Spellcasting   | 3 4 5 6 8 9 11 | 11.3
Dodging        | 2 3 4 |  4.9
Earth Magic    | 4 5 7 8 10 11 | 11.5
Fighting       | 1 2 3 |  3.5
Stealth        | 2 |  2.5
Unarmed Combat | 1 2 3 4 5 |  5.0
Conjurations   | 1 2 3 4 |  4.8
Evocations     | 1 2 |  2.5
Transmutations | |  1.3

Action                   |  1- 3 |  4- 6 |  7- 9 | 10-12 || total
-------------------------+-------+-------+-------+-------++-------
Melee: Unarmed           |    78 |   117 |    87 |   194 ||   476
       Tailslap          |     7 |     7 |     7 |    19 ||    40
       Punch             |       |       |     1 |     4 ||     5
       Demon blade       |       |       |       |     5 ||     5
 Cast: Sandblast         |    55 |    18 |   159 |   155 ||   387
       Stone Arrow       |     2 |    45 |    55 |   105 ||   207
       Lee's Rapid Decon |       |       |     1 |    48 ||    49
       Petrify           |       |       |     1 |     5 ||     6
       Passwall          |       |       |       |     1 ||     1
Invok: Divine Energy     |       |       |       |     1 ||     1
 Abil: Breathe Frost     |       |       |     5 |     9 ||    14
       Evoke Berserk Rag |       |       |       |     1 ||     1
Evoke: Wand              |       |    20 |     1 |    31 ||    52
  Use: Scroll            |     3 |       |       |    20 ||    23
       Potion            |     4 |       |       |     3 ||     7
 Stab: Sleeping          |       |     1 |     3 |       ||     4
       Confused          |       |     1 |       |       ||     1
  Eat: Chunk             |     2 |    12 |    14 |    15 ||    43
       Ration            |       |     1 |     1 |     6 ||     8
Armor: Skin              |    48 |    54 |    58 |   187 ||   347
Dodge: Dodged            |    49 |    89 |    95 |   320 ||   553
       Rpst.: Demon blade |       |       |       |     1 ||     1

Table legend:
 A = Spawn XP
 B = Non-spawn XP
 C = Spawn XP percentage of total XP
 D = Spawn monster count
 E = Non-spawn monster count
 F = Spawn count percentage of total count
 G = Total turns spent on level
                    A         B        C        D         E        F      G
               +---------+---------+-------+---------+---------+-------+---------
         Total |       0 |   20690 |   0.0 |       0 |     326 |   0.0 | 16461
               +---------+---------+-------+---------+---------+-------+---------
           D:1 |       0 |      41 |   0.0 |       0 |      25 |   0.0 |   947
           D:2 |       0 |     135 |   0.0 |       0 |      34 |   0.0 |  1624
           D:3 |       0 |     468 |   0.0 |       0 |      21 |   0.0 |  1680
           D:4 |       0 |     652 |   0.0 |       0 |      23 |   0.0 |  1276
           D:5 |       0 |     949 |   0.0 |       0 |      29 |   0.0 |  1129
           D:6 |       0 |    1132 |   0.0 |       0 |      25 |   0.0 |   819
           D:7 |       0 |    1768 |   0.0 |       0 |      23 |   0.0 |  1555
           D:8 |       0 |    4199 |   0.0 |       0 |      27 |   0.0 |  1843
           D:9 |       0 |    2365 |   0.0 |       0 |      32 |   0.0 |  2224
          D:10 |       0 |    6925 |   0.0 |       0 |      64 |   0.0 |  1551
          D:11 |       0 |     705 |   0.0 |       0 |       7 |   0.0 |   648
         IceCv |       0 |    1351 |   0.0 |       0 |      16 |   0.0 |  1017
               +---------+---------+-------+---------+---------+-------+---------
